 Dungeon Crawl Stone Soup version 0.29-a0-370-gb5314be063 (webtiles) character file.

Game seed: 919684262073671364

124 Artihs the Skirmisher (level 5, -2/41 HPs)
             Began as a Human Fighter on May 2, 2022.
             Slain by Natasha (4 damage)
             ... on level 2 of the Dungeon.
             The game lasted 00:05:47 (1583 turns).

Artihs the Skirmisher (Human Fighter)               Turns: 1583, Time: 00:05:47

Health: -2/41      AC:  6    Str: 18    XL:     5   Next: 30%
Magic:  5/5        EV: 10    Int:  8    God:
Gold:   14         SH:  5    Dex: 13    Spells: 4/4 levels left

rFire   . . .      SeeInvis .   a - +0 flail
rCold   . . .      Faith    .   c - +0 buckler
rNeg    . . .      Spirit   .   b - +0 scale mail
rPois   .          Reflect  .   (no helmet)
rElec   .          Harm     .   (no cloak)
rCorr   .          Rampage  .   (no gloves)
Will    .....                   (no boots)
Stlth   ..........              (no amulet)
HPRegen 0.13/turn               (no ring)
MPRegen 0.09/turn               (no ring)

@: slowed, very slow
A: no striking features
a: no special abilities


You were on level 2 of the Dungeon.
You visited 1 branch of the dungeon, and saw 2 of its levels.

You collected 14 gold pieces.

Inventory:

Hand Weapons
 a - a +0 flail (weapon)
Armour
 b - a +0 scale mail (worn)
 c - a +0 buckler (worn)
Scrolls
 e - a scroll of amnesia {unknown}
 h - a scroll of acquirement {unknown}
 j - a scroll of identify {unknown}
Potions
 d - 2 potions of might
 g - a potion of heal wounds {unknown}
 i - a potion of curing {unknown}


   Skills:
 + Level 3.5 Fighting
 + Level 2.6 Maces & Flails
 + Level 1.3 Throwing
 + Level 3.5 Armour
 * Level 2.1 Dodging
 + Level 3.4 Shields


You had 4 spell levels left.
You didn't know any spells.
Your spell library was empty.

Dungeon Overview and Level Annotations

Branches:
Dungeon (2/15)

Altars:

Shops:
D:1 =

Annotations:
D:2 Natasha


Message History

You throw a poisoned dart.
The poisoned dart closely misses the shadow imp.
The shadow imp gestures at you. Pain shoots through your body!
The shadow imp gestures at you. Pain shoots through your body!
Throw: dart (poison)
Press: ? - help, Q - select action Shift-Dir - straight line, f - Natasha
Aim: Natasha (50% to hit)
You throw a poisoned dart.
The poisoned dart barely misses Natasha.
The poisoned dart barely misses the white imp.
Natasha casts a spell at you. The magic dart hits you.
Natasha casts a spell at you. The magic dart hits you!
You block the white imp's attack. Natasha claws you but does no damage.
You barely miss Natasha.
The white imp hits you but does no damage.
Natasha howls an incantation.
You feel disoriented. Natasha claws you but does no damage.
The white imp gestures at you. The puff of frost hits you!
* * * LOW HITPOINT WARNING * * *
Natasha claws you.
* * * LOW HITPOINT WARNING * * *
You closely miss Natasha. The white imp barely misses you. Natasha claws you.
* * * LOW HITPOINT WARNING * * *
The white imp hits you but does no damage.
Natasha claws you but does no damage.
You hit Natasha.
Natasha is moderately wounded.
The white imp closely misses you. You block Natasha's attack.
The white imp hits you.
* * * LOW HITPOINT WARNING * * *
The white imp freezes you.
* * * LOW HITPOINT WARNING * * *
Natasha claws you.
You die...

######........#
#.............#
#......######.#
##......+.####.#
................#
.+########+.#......
#)#.#######
#..+#......
#.†@h5....(
#...5.(....
#.........(
#.....(..(.
#...#......
#...####### +.#..
..+..


You could see Natasha, a white imp (summoned) and a shadow imp (summoned).

Vanquished Creatures
  Jessica (D:2)
  Natasha (twice) (D:2)
  3 adders (D:2)
  A ball python (D:2)
  3 endoplasms
  3 goblins
  A quokka (D:2)
  3 bats
  4 frilled lizards
  2 kobolds (D:1)
  4 rats
27 creatures vanquished.

Notes
Turn   | Place    | Note
-------+----------+-------------------------------------------
     0 | D:1      | Artihs the Human Fighter began the quest for the Orb.
     0 | D:1      | Reached XP level 1. HP: 18/18 MP: 1/1
   370 | D:1      | Reached XP level 2. HP: 24/24 MP: 2/2
   376 | D:1      | Found Wumich's Jewellery Boutique.
  1064 | D:2      | Reached XP level 3. HP: 21/29 MP: 3/3
  1164 | D:2      | Noticed Natasha
  1174 | D:2      | Killed Natasha
  1175 | D:2      | Reached skill level 1 in Dodging
  1175 | D:2      | Reached XP level 4. HP: 16/35 MP: 4/4
  1229 | D:2      | Noticed Natasha
  1243 | D:2      | Killed Natasha
  1244 | D:2      | Reached skill level 1 in Throwing
  1499 | D:2      | Noticed Jessica
  1505 | D:2      | Killed Jessica
  1506 | D:2      | Reached XP level 5. HP: 41/41 MP: 5/5
  1573 | D:2      | Noticed Natasha
  1583 | D:2      | HP: 2/41 [white imp[Natasha] (4)]
  1583 | D:2      | Slain by Natasha

Illustrated notes

Levels and vault maps discovered:
D:1:      minmay_arrival_four_loops, layout_loops_ring, serial_shops,
          shop_fountains, amcnicky_mini_corridor_feature
D:2:      layout_basic, minivault_11, uniq_jessica, uniq_natasha,
          uniq_crazy_yiuf_cottage

Skill      XL: |  1  2  3  4  5 |
---------------+----------------+-----
Dodging        | 1 2 |  2.1
Throwing       | 1 |  1.3
Fighting       | |  3.5
Maces & Flails | |  2.6
Armour         | |  3.5
Shields        | |  3.4

Action                   |  1- 3 |  4- 6 || total
-------------------------+-------+-------++-------
Melee: Flail             |    80 |    33 ||   113
Throw: Dart              |    17 |     9 ||    26
Armor: Scale mail        |    70 |    27 ||    97
Dodge: Dodged            |    54 |    17 ||    71
Block: Buckler           |    23 |    11 ||    34

Table legend: (Time is in decaauts)
 A = Elapsed time spent in this place.
 B = Non-inter-level travel time spent in this place.
 C = Inter-level travel time spent in this place.
 D = Time resting spent in this place.
 E = Time spent auto-exploring this place.
 F = Levels seen in this place.
 G = Mean time per level.
                   A        B        C        D        E       F      G
               +--------+--------+--------+--------+--------+-----+--------+
         Total |   1621 |   1604 |     17 |    236 |   1092 |   2 |  810.5 |
       Dungeon |   1621 |   1604 |     17 |    236 |   1092 |   2 |  810.5 |
               +--------+--------+--------+--------+--------+-----+--------+

Top non-repeatable levels by time:
     D:1: 977 daAuts
     D:2: 643 daAuts
